 Dungeon Crawl Stone Soup version 0.20.1-1-g8b1a95d66d (webtiles) character file.

2732 Peloso the Carver (level 9, -2/79 HPs)
             Began as a Minotaur Fighter on Jan 1, 2018.
             Was a Believer of Okawaru.
             Slain by an orc warrior
             ... wielding a +0 long sword
              (8 damage)
             ... on level 9 of the Dungeon.
             The game lasted 00:15:51 (5005 turns).

Peloso the Carver (Minotaur Fighter)                Turns: 5005, Time: 00:15:52

Health: -2/79      AC: 13    Str: 27    XL:     9   Next: 40%
Magic:  8/8        EV:  9    Int:  5    God:    Okawaru [**....]
Gold:   504        SH:  0    Dex: 12    Spells: 8/8 levels left

rFire    + . .     SeeInvis +   a - +0 long sword
rCold    x . .     Gourm    .   (no shield)
rNeg     . . .     Faith    .   b - +0 plate armour
rPois    .         Spirit   .   (helmet restricted)
rElec    .         Reflect  .   H - scarf {repulsion}
rCorr    .         Harm     .   (no gloves)
MR       .....     Rnd*Tele +   (no boots)
Stlth    ..........             (no amulet)
Regen    0.3/turn               w - ring of fire
MPRegen  0.2/turn               D - ring of teleportation (curse)

@: mighty, repel missiles
A: retaliatory headbutt, horns 2, see invisible, screaming 1
a: Heroism, Renounce Religion


You were on level 9 of the Dungeon.
You worshipped Okawaru.
Okawaru was pleased with you.
You were hungry.

You visited 2 branches of the dungeon, and saw 10 of its levels.

You collected 504 gold pieces.

Inventory:

Hand Weapons
 a - a +0 long sword (weapon)
 k - the +9 heavy crossbow "Sniper" {velocity, Acc+∞ SInv}
   (You found it on level 4 of the Dungeon)

   Any bolt fired from it inflicts extra damage.
   It lets you see invisible.
 y - the +8 glaive of the Guard {elec, +Rage AC+5 SInv}
   (You found it on level 5 of the Dungeon)

   Occasionally, upon striking a foe, it will discharge some electrical energy
   and cause terrible harm.
   It affects your AC (+5).
   It lets you see invisible.
   It lets you go berserk.
Missiles
 G - 21 bolts
Armour
 b - a +0 plate armour (worn)
 c - a +0 shield
 H - a scarf of repulsion (worn)
Jewellery
 w - a ring of fire (left hand)
 D - a cursed ring of teleportation (right hand)
Wands
 t - a wand of digging (11/24)
 B - a wand of flame (26/48)
 C - a wand of iceblast (9/15)
 J - a wand of paralysis (13/24)
Scrolls
 e - a scroll of magic mapping {unknown}
 g - 4 scrolls of remove curse
 i - 2 scrolls of immolation {unknown}
 j - 2 scrolls of amnesia {unknown}
 l - 3 scrolls of recharging
 n - 2 scrolls of teleportation {unknown}
 p - a scroll of blinking {unknown}
 q - a scroll of enchant armour {unknown}
 r - 3 scrolls of identify
 u - 3 scrolls of fear {unknown}
 v - 2 scrolls of noise {unknown}
 z - 3 scrolls of enchant weapon {unknown}
 A - a scroll of vulnerability {unknown}
Potions
 m - a potion of curing
 s - a potion of flight
 E - a potion of mutation
 F - a potion of agility {unknown}
Comestibles
 f - 7 bread rations
 h - a royal jelly
 o - 12 fruits
 x - 3 meat rations
 I - 3 chunks of flesh


   Skills:
 + Level 7.2 Fighting
 + Level 8.9 Long Blades
 + Level 2.7 Crossbows
 + Level 8.4 Armour
 + Level 2.8 Dodging
 + Level 1.0 Stealth
 + Level 7.6 Shields


You had 8 spell levels left.
You didn't know any spells.

Dungeon Overview and Level Annotations

Branches:
Dungeon (9/15)             Temple (1/1) D:4            Lair (0/6) D:8
    Orc: D:9-12

Altars:
Ashenzari
Cheibriados
Dithmenos
Elyvilon
Fedhas
Gozag
Hepliaklqana
Kikubaaqudgha
Makhleb
Nemelex Xobeh
Okawaru
Qazlal
Ru
Sif Muna
Trog
Uskayaw
Vehumet
Xom
Yredelemnul
Zin
The Shining One

Shops:
D:5 :


Innate Abilities, Weirdness & Mutations

You reflexively headbutt those who attack you in melee.
You have a pair of horns on your head.
You have supernaturally acute eyesight. (SInv)
You occasionally shout uncontrollably at your foes.


Message History

Unknown command.
You closely miss the orc priest. You headbutt the orc priest!
You kill the orc priest!
Okawaru accepts your kill.
Unknown command.
You closely miss the orc warrior. You headbutt the orc warrior!
The orc warrior is moderately wounded.
The orc closely misses you. You furiously retaliate!
You headbutt the orc.
The orc warrior hits you with a long sword!
* * * LOW HITPOINT WARNING * * *
Unknown command.
You barely miss the orc. Your headbutt misses the orc.
The orc is almost dead.
The orc hits you but does no damage.
Unknown command.
You slash the orc!
You kill the orc!
Okawaru accepts your kill.
The orc warrior hits you with a long sword!
You die...

#+ #.##
...##
#..##
#@)#
######o##
#.....).#
#....(..#
+...(...#
#.......#
#.......#
#.......#
#.....$.#


You could see an orc warrior.

Vanquished Creatures
  Joseph (D:7)
  Grinder (D:4)
  A hippogriff (D:7)
  Eustachio (D:5)
  An orc warrior (D:5)
  3 centaurs
  2 ogres
  3 bullfrogs
  A scorpion (D:5)
  4 wights (D:3)
  A howler monkey (D:5)
  A crimson imp (D:7)
  2 bullfrog zombies
  2 hounds
  6 orc wizards
  2 orc priests
  3 bullfrog skeletons
  A centaur skeleton (D:7)
  4 worker ants
  Natasha (thrice) (D:4)
  An iguana (D:8)
  9 adders
  8 gnolls
  2 shadow imps (D:5)
  2 oozes
  An adder zombie (D:7)
  2 worms
  A dart slug (D:3)
  3 leopard geckos
  16 orcs
  A ball python (D:3)
  3 giant cockroaches
  9 hobgoblins
  3 quokkas
  4 bats
  6 frilled lizards
  8 goblins
  6 kobolds
  5 rats
133 creatures vanquished.

Notes
Turn   | Place    | Note
-------+----------+-------------------------------------------
     0 | D:1      | Peloso the Minotaur Fighter began the quest for the Orb.
     0 | D:1      | Reached XP level 1. HP: 19/19 MP: 0/0
   200 | D:1      | Reached XP level 2. HP: 27/27 MP: 1/1
   590 | D:2      | Reached XP level 3. HP: 28/34 MP: 2/2
   618 | D:2      | Found a faded altar of an unknown god.
   805 | D:2      | Reached XP level 4. HP: 29/41 MP: 3/3
   874 | D:2      | Reached skill level 1 in Dodging
  1037 | D:3      | Reached XP level 5. HP: 19/47 MP: 4/4
  1379 | D:3      | Reached XP level 6. HP: 55/55 MP: 5/5
  1400 | D:3      | You fall through a shaft for 2 floors!
  1400 | D:5      | Entered Level 5 of the Dungeon
  1405 | D:5      | Found Morim's Book Boutique.
  1481 | D:4      | Noticed Natasha
  1487 | D:4      | Killed Natasha
  1487 | D:4      | Reached skill level 5 in Armour
  1589 | D:3      | Reached skill level 5 in Long Blades
  1617 | D:3      | Gained mutation: Scrolls take you a little longer to read. [potion of mutation]
  1617 | D:3      | Gained mutation: Your flesh is cold resistant. (rC+) [potion of mutation]
  1617 | D:3      | Gained mutation: You tend to lose your temper in combat. [potion of mutation]
  1617 | D:3      | Gained mutation: Your spells are a little harder to cast, but a little more powerful. [potion of mutation]
  1618 | D:3      | Lost mutation: Your spells are a little harder to cast, but a little more powerful. [potion of mutation]
  1618 | D:3      | Lost mutation: Scrolls take you a little longer to read. [potion of mutation]
  1618 | D:3      | Lost mutation: You tend to lose your temper in combat. [potion of mutation]
  1618 | D:3      | Lost mutation: Your flesh is cold resistant. (rC+) [potion of mutation]
  1618 | D:3      | Gained mutation: You occasionally shout uncontrollably at your foes. [potion of mutation]
  1618 | D:3      | Gained mutation: You have supernaturally acute eyesight. (SInv) [potion of mutation]
  1713 | D:3      | Found a hazy altar of Hepliaklqana.
  1714 | D:3      | Found a glowing silver altar of Zin.
  1838 | D:3      | Reached skill level 5 in Shields
  1849 | D:3      | Found a sparkling altar of Nemelex Xobeh.
  1996 | D:4      | Noticed Natasha
  2000 | D:4      | Killed Natasha
  2050 | D:4      | Noticed Natasha
  2054 | D:4      | Killed Natasha
  2054 | D:4      | Reached skill level 5 in Fighting
  2208 | D:4      | Noticed Grinder
  2219 | D:4      | Killed Grinder
  2219 | D:4      | Reached XP level 7. HP: 56/61 MP: 6/6
  2347 | D:4      | Found a staircase to the Ecumenical Temple.
  2353 | Temple   | Entered the Ecumenical Temple
  2539 | D:5      | Noticed Eustachio
  2584 | D:5      | Killed Eustachio
  2733 | D:5      | Found an iron altar of Okawaru.
  2733 | D:5      | Found a stormy altar of Qazlal.
  2737 | D:5      | Became a worshipper of Warmaster Okawaru
  2747 | D:5      | Reached skill level 1 in Stealth
  2822 | D:5      | Reached XP level 8. HP: 51/70 MP: 7/7
  3306 | D:5      | Reached * piety under Okawaru
  4105 | D:7      | Noticed a hippogriff
  4111 | D:7      | Killed a hippogriff
  4203 | D:7      | Reached XP level 9. HP: 78/78 MP: 8/8
  4353 | D:7      | Reached ** piety under Okawaru
  4540 | D:7      | Noticed Joseph
  4545 | D:7      | Killed Joseph
  4932 | D:8      | Found a staircase to the Lair.
  4933 | D:8      | Noticed a two-headed ogre
  5005 | D:9      | Slain by an orc warrior

Skill      XL: |  1  2  3  4  5  6  7  8  9 |
---------------+----------------------------+-----
Fighting       | 4 5 6 7 |  7.2
Long Blades    | 3 4 6 8 |  8.9
Armour         | 4 5 6 7 8 |  8.4
Dodging        | 1 2 |  2.8
Shields        | 4 5 7 |  7.6
Stealth        | 1 |  1.0
Crossbows      | 2 |  2.7

Action                   |  1- 3 |  4- 6 |  7- 9 || total
-------------------------+-------+-------+-------++-------
Melee: Long sword        |    56 |   116 |   160 ||   332
       Headbutt          |    11 |    20 |    38 ||    69
       Heavy crossbow    |       |       |     2 ||     2
 Fire: Heavy crossbow    |       |       |    24 ||    24
  Use: Potion            |       |     5 |     4 ||     9
       Scroll            |       |     1 |     3 ||     4
  Eat: Chunk             |       |     4 |     9 ||    13
Armor: Scale mail        |    23 |    27 |    40 ||    90
       Chain mail        |       |       |    13 ||    13
       Plate armour      |       |       |    17 ||    17
Dodge: Dodged            |    23 |    39 |    72 ||   134
       Deflected         |       |       |     6 ||     6
Block: Shield            |    32 |    66 |    75 ||   173
       Rpst.: Long sword |     6 |    12 |    18 ||    36
